 Dungeon Crawl Stone Soup version 0.17-a0-1718-g72dbe4d (webtiles) character file.

151 ololoev the Cutter (level 5, -1/45 HPs)
             Began as a Draconian Chaos Knight on Aug 24, 2015.
             Slain by urechis's ghost (10 damage)
             ... on level 3 of the Dungeon.
             The game lasted 00:07:30 (2680 turns).

ololoev the Cutter (Draconian Chaos Knight)         Turns: 2680, Time: 00:07:30

Health: -1/45      AC:  6    Str: 13 (14) XL:     5   Next: 11%
Magic:  5/5        EV: 12    Int:  6 (11) God:    Xom [..*...]
Gold:   141        SH:  0    Dex:  8 (11) Spells: 0 memorised, 4 levels left

rFire  . . .     SeeInvis .     g - +2 quarterstaff (chaos)
rCold  . . .     Clarity  .     (armour unavailable)
rNeg   . . .     SustAt   .     (no shield)
rPois  .         Gourm    .     (helmet restricted)
rElec  .         Spirit   .     e - +0 cloak
rCorr  .         Warding  .     (no gloves)
rMut   .         Stasis   .     (no boots)
MR     .....                    (no amulet)
Stlth  +.........               (no ring)
                                (no ring)

@: about to teleport, drained, not resistant to hostile enchantments, very
unstealthy
A: unfitting armour, deterioration 2, dopey 1, cold-blooded, AC +5
a: Renounce Religion


Innate Abilities, Weirdness & Mutations

Your plain brown scales are hard (AC +5).
Your body does not fit into most forms of armour.
You are cold-blooded and may be slowed by cold attacks.
Your body often deteriorates upon taking damage.
You are dopey. (Int -2)

Inventory:

Hand weapons
 g - a +2 quarterstaff of chaos (weapon)
Armour
 e - a +0 cloak (worn)
Scrolls
 j - 3 scrolls of teleportation
Potions
 a - a potion of brilliance {unknown}
 d - a potion of cancellation {unknown}
 h - a potion of heal wounds {unknown}
 k - a potion of cure mutation
 l - 2 potions of flight
 m - 2 potions of invisibility {unknown}
Comestibles
 b - 2 bread rations
 i - 2 meat rations
 n - a royal jelly


   Skills:
 - Level 3.2(3.0) Fighting
   Level 4.8(4.6) Short Blades
 + Level 2.9(2.6) Staves
 - Level 2.1(1.8) Dodging


You had 4 spell levels left.
You didn't know any spells.


You were on level 3 of the Dungeon.
You worshipped Xom.
You were a toy of Xom.
You were not hungry.

You visited 1 branch of the dungeon, and saw 3 of its levels.

You collected 141 gold pieces.

#.#.###.#..## #..# #.#.#
#.#..####..####..# #.#.#
#>#......)[<.....#
####.#.###..>..###()#######
#..............)([(.#
#.##.......##..###..#
#.####.##§§##..# #..#######
#.# #.§§§§§...###..#......
#.# #.§§W@§..........#####
#†# ##§#§§##.#####.### #.#
#§#§§##.# #.# #.#
##§#..##.# #.# #.#
##§#....#.## #.#
#.###.§........# #.#
#....#...8.....# #.#
#####...8.8....####.#
##.8._.8........#

Notes
Turn   | Place    | Note
--------------------------------------------------------------
     0 | D:1      | ololoev the Draconian Chaos Knight began the quest for the Orb.
     0 | D:1      | Reached XP level 1. HP: 19/19 MP: 1/1
   307 | D:1      | Reached XP level 2. HP: 17/26 MP: 2/2
   912 | D:2      | XOM is BORED!
   912 | D:2      | XOM: noise
   923 | D:2      | Reached skill level 4 in Short Blades
   978 | D:2      | XOM: summons 1 hostile demon
  1028 | D:2      | XOM: medium Hex miscast
  1161 | D:2      | Reached XP level 3. HP: 29/31 MP: 3/3
  1166 | D:2      | XOM: give mutations
  1166 | D:2      | Gained mutation: You are dopey. (Int -2) [Xom's mischief]
  1166 | D:2      | Gained mutation: Your body sometimes deteriorates upon taking damage. [Xom's mischief]
  1166 | D:2      | Gained mutation: Your body often deteriorates upon taking damage. [Xom's mischief]
  1166 | D:2      | Gained mutation: You are very dopey. (Int -4) [Xom's mischief]
  1287 | D:2      | XOM: medium Necr miscast
  1579 | D:2      | Noticed Crazy Yiuf
  1579 | D:2      | XOM: blink monster(s)
  1664 | D:2      | XOM: mild Fire miscast
  1673 | D:2      | Lost mutation: Your body often deteriorates upon taking damage. [potion of cure mutation]
  1673 | D:2      | Lost mutation: You are very dopey. (Int -4) [potion of cure mutation]
  1673 | D:2      | Lost mutation: You are dopey. (Int -2) [potion of cure mutation]
  1673 | D:2      | XOM: harmless Pois miscast
  1679 | D:2      | XOM: give mutations
  1679 | D:2      | Gained mutation: You are dopey. (Int -2) [Xom's mischief]
  1679 | D:2      | Gained mutation: Your body often deteriorates upon taking damage. [Xom's mischief]
  1682 | D:2      | XOM: noise
  1695 | D:2      | Killed Crazy Yiuf
  1932 | D:2      | XOM: colour smoke trail
  1967 | D:3      | Reached XP level 4. HP: 30/38 MP: 4/4
  1981 | D:3      | Reached skill level 1 in Staves
  2146 | D:3      | XOM: noise
  2228 | D:3      | XOM: silly message
  2233 | D:3      | Found a faded altar to an unknown god.
  2307 | D:3      | Reached XP level 5. HP: 14/45 MP: 5/5
  2354 | D:3      | Noticed urechis's ghost (average DsAK)
  2422 | D:3      | XOM: mild Air miscast
  2658 | D:3      | XOM: enchant monster (bad)
  2661 | D:3      | XOM: smoke on damage
  2664 | D:3      | XOM: divination: magic mapping
  2680 | D:3      | Slain by urechis's ghost

Dungeon Overview and Level Annotations

Branches:
Dungeon (3/15)

Altars:

Annotations:
D:3 urechis's ghost, average DsAK


Message History

You barely miss urechis's ghost.
Urechis's ghost is moderately damaged.
Urechis's ghost closely misses you. Urechis's ghost hits you.
You hit urechis's ghost. You freeze urechis's ghost.
You tail-slap urechis's ghost, but do no damage.
Urechis's ghost is heavily damaged.
Urechis's ghost hits you.
You hit urechis's ghost but do no damage.
Urechis's ghost is heavily damaged.
Urechis's ghost completely misses you. x2
You closely miss urechis's ghost.
Urechis's ghost is heavily damaged.
Urechis's ghost misses you.
Urechis's ghost says, "You will join me soon!"
Urechis's ghost barely misses you.
You barely miss urechis's ghost.
Urechis's ghost is heavily damaged.
Urechis's ghost hits you but does no damage.
Urechis's ghost completely misses you.
You closely miss urechis's ghost.
Urechis's ghost is heavily damaged.
Urechis's ghost hits you!
Your body deteriorates!
You feel weakened.
You closely miss urechis's ghost.
Your tail-slap misses urechis's ghost.
Urechis's ghost is heavily damaged.
Urechis's ghost shrieks, "You will never get the ORB!"
Urechis's ghost completely misses you. Urechis's ghost barely misses you.
You completely miss urechis's ghost.
Urechis's ghost is heavily damaged.
Urechis's ghost hits you but does no damage. x2
Read which item? (? for menu, Esc to quit)
As you read the scroll labeled SAMYCS OBBIURE, it crumbles to dust.
The scroll dissolves into smoke.
It was a scroll of fog.
Urechis's ghost closely misses you. Urechis's ghost hits you!
Read which item? (? for menu, Esc to quit)
As you read the scroll of teleportation, it crumbles to dust.
You feel strangely unstable. Urechis's ghost hits you!
You die...
Xom cackles wildly!

You could see urechis's ghost.

Vanquished Creatures
  Crazy Yiuf (D:2)
  An orc priest (D:3)
  An orc wizard (D:3)
  2 worms (D:2)
  3 giant geckos
  8 orcs (D:3)
  A ball python (D:2)
  3 giant cockroaches
  5 hobgoblins
  3 jackals (D:1)
  A quokka (D:3)
  5 bats
  A giant newt (D:2)
  3 goblins
  7 kobolds
  7 rats
52 creatures vanquished.

Action                   |  1- 3 |  4- 6 || total
-------------------------+-------+-------++-------
Melee: Short sword       |   144 |    12 ||   156
       Quarterstaff      |       |    66 ||    66
  Use: Scroll            |     6 |     3 ||     9
       Potion            |     5 |     3 ||     8
 Stab: Confused          |     2 |       ||     2
       Paralysed         |     3 |       ||     3
       Petrifying        |     2 |       ||     2
  Eat: Chunk             |     3 |     3 ||     6

Vault maps used:
D:1:      minmay_arrival_semitransparent
D:2:      due_unseen_surprise, uniq_crazy_yiuf_cottage
D:3:      ecumenical_altar_2
